AoeStats
← chenya_ko

Arabian Desert

509171897Analyzed
1v1 RM · 8d ago on Sep 25, 2026· 16m 10s· 2 players
Game mode
Random Map
Map size
Tiny (2 player)
Population
200
Speed
Normal
Resources
Standard
Victory
Conquest
Starting age
Dark Age
Ending age
Imperial Age
RankedLock teamsTeams togetherTeam positionsShared explorationLock speedFull tech treeHidden civsTurbo modeCheats
Victory
Defeat
🇹🇼 Japanese · Taiwan
1042
+18
🇦🇷 Bohemians · Argentina
1086
-18
chenya_ko
2:39 Loom
9:59 Feudal Age
10:03 Man-at-Arms
13:46 Double-Bit Axe
1987
10:45 Feudal Age
15:45 Castle Age
13:59 Loom
14:38 Double-Bit Axe
Connection lost

Rejoining the realm…

Still unreachable

The connection could not be restored.

Session expired

The server has moved on; the page needs a fresh start.